 Dungeon Crawl Stone Soup version 0.23-a0-449-g8e4cbf7 (webtiles) character file.

2566 Dfrag the Firebug (level 9, -1/68 HPs)
             Began as a Naga Fire Elementalist on Nov 21, 2018.
             Was an Initiate of Vehumet.
             Slain by a killer bee (2 damage)
             ... on level 7 of the Dungeon.
             The game lasted 00:10:08 (5987 turns).

Dfrag the Firebug (Naga Fire Elementalist)          Turns: 5987, Time: 00:10:08

Health: -1/68      AC:  6    Str: 11    XL:     9   Next: 57%
Magic:  2/19       EV:  8    Int: 19    God:    Vehumet [......]
Gold:   269        SH:  0    Dex: 11    Spells: 6/21 levels left

rFire    . . .     SeeInvis +   C - +8 dire flail of the Dragonfly {holy, rPois MR+}
rCold    . . .     Gourm    .   (shield currently unavailable)
rNeg     . . .     Faith    .   a - +0 robe
rPois    +         Spirit   .   (no helmet)
rElec    .         Reflect  .   g - +0 cloak
rCorr    .         Harm     .   l - +0 pair of gloves
MR       ++...                  (no barding)
Stlth    ++........             (no amulet)
HPRegen  0.21/turn              s - +2 ring of evasion
MPRegen  0.16/turn              q - -4 ring of evasion (curse)

@: very slow
A: large, see invisible, deformed body, poison resistance, slowness 2, slow
metabolism 1, spit poison 1, AC +3
a: Spit Poison, Renounce Religion


You were on level 7 of the Dungeon.
You worshipped Vehumet.
Vehumet was noncommittal.
You were not hungry.

You visited 2 branches of the dungeon, and saw 8 of its levels.

You collected 321 gold pieces.
You spent 52 gold pieces at shops.

Inventory:

Hand Weapons
 b - a +2 dagger of pain
 A - a +2 dagger of venom
 C - the +8 dire flail of the Dragonfly (weapon) {holy, rPois MR+}
   (You found it on level 6 of the Dungeon)

   It has been blessed by the Shining One to cause great damage to the undead
   and demons.
   It protects you from poison.
   It affects your resistance to hostile enchantments.
Armour
 a - a +0 robe (worn)
 g - a +0 cloak (worn)
 l - a +0 pair of gloves (worn)
 r - a +2 buckler
Jewellery
 h - a +3 ring of strength
 q - a cursed -4 ring of evasion (right hand)
 s - a +2 ring of evasion (left hand)
 w - an uncursed ring of see invisible {unknown}
 B - a cursed ring of attention {unknown}
Wands
 v - a wand of iceblast (5)
Scrolls
 d - 2 scrolls of remove curse
 e - 2 scrolls of enchant armour
 f - 3 scrolls of teleportation
 j - a scroll of enchant weapon
 m - a scroll of magic mapping {unknown}
 t - a scroll of fear {unknown}
 y - a scroll of amnesia {unknown}
 z - a scroll of identify
 D - a scroll of noise {unknown}
Potions
 i - 4 potions of curing
 k - 2 potions of agility
 n - a potion of heal wounds {unknown}
 o - 6 potions of brilliance
 p - 2 potions of flight
 u - a potion of might {unknown}
 x - a potion of magic {unknown}
Comestibles
 c - 11 rations
 E - 2 chunks of flesh


   Skills:
 - Level 1.5 Dodging
 - Level 3.0 Stealth
 + Level 6.9 Spellcasting
 + Level 7.4 Conjurations
 + Level 7.9 Fire Magic


You had 6 spell levels left.
You knew the following spells:

 Your Spells              Type           Power        Failure   Level  Hunger
a - Flame Tongue          Conj/Fire      #####        1%          1    None
b - Conjure Flame         Conj/Fire      #####...     1%          3    #......
c - Sticky Flame          Conj/Fire      #####...     4%          4    ###....
d - Fireball              Conj/Fire      #####.....   12%         5    #####..
e - Blink                 Tloc           N/A          16%         2    None

Your spell library contained the following spells:

 Spells                   Type           Power        Failure   Level  Hunger
 Magic Dart               Conj           ####         1%          1    None
 Searing Ray              Conj           ####..       1%          2    None
 Throw Flame              Conj/Fire      #####.       1%          2    None
 Iskenderun's Mystic Bla  Conj           ####....     4%          4    ###....
 Inner Flame              Hex/Fire       ###.....     6%          3    #......
 Dazzling Spray           Conj/Hex       ###...       7%          3    #......
 Mephitic Cloud           Conj/Pois/Air  ###.....     11%         3    #......
 Call Imp                 Summ           #.......     16%         2    None
 Slow                     Hex            #.......     16%         2    None
 Force Lance              Conj/Tloc      ###.....     22%         4    ###....
 Fulminant Prism          Conj/Hex       ###.......   22%         4    ###....


Dungeon Overview and Level Annotations

Branches:
Dungeon (7/15)             Temple (1/1) D:6

Altars:
Dithmenos
Elyvilon
Fedhas
Gozag
Kikubaaqudgha
Nemelex Xobeh
Okawaru
Qazlal
Sif Muna
Trog
Vehumet
Wu Jian
Xom
The Shining One

Shops:
D:5 }*(=   D:7 }


Innate Abilities, Weirdness & Mutations

You cannot wear boots.
Your serpentine skin is tough. (AC +3)
You have supernaturally acute eyesight. (SInv)
Armour fits poorly on your strangely shaped body.
Your system is resistant to poisons. (rPois)
You cover ground very slowly.
You have a slow metabolism.
You can spit poison.


Message History

Confirm with . or Enter, or press ? or * to list all spells.
Aiming: Sticky Flame (safe; 4% risk of failure)
Press: ? - help, Shift-Dir - straight line, f - killer bee
Aim: a killer bee The sticky flame hits the killer bee.
The killer bee is lightly wounded.
The killer bee is covered in liquid flames!
The killer bee burns!
The killer bee stings you but does no damage.
The killer bee stings you.
* * * LOW HITPOINT WARNING * * *
You feel better.
The killer bee burns!
The killer bee stings you.
* * * LOW HITPOINT WARNING * * *
You are lethally poisoned!
The killer bee poisons you! The killer bee stings you.
* * * LOW HITPOINT WARNING * * *
You feel better.
The killer bee burns!
The killer bee stings you.
* * * LOW HITPOINT WARNING * * *
The killer bee stings you.
You die...

#..............#
########
#.....##.......#
..####
#.....##.......#
.......
#.....##.......#
........
#.....#####....#
.......... #######
###### ...........
+...........
########...........
#.@....#...........
#y####.#...........
#†# ##.#...........
......'.#
#...........∩..
......###
#..............
......
#..............
.....
##'#.....⌠.⌠...
.....
#........._..##
....
#...#####⌠.⌠###


You could see a killer bee (burning).

Vanquished Creatures
  6 humans (D:6)
  3 ice beasts (D:5)
  A black bear (D:7)
  An ogre (D:5)
  3 bullfrogs
  2 scorpions
  3 killer bees (D:7)
  An electric eel (D:6)
  A howler monkey (D:4)
  A bullfrog zombie (D:6)
  A bullfrog skeleton (D:7)
  A centaur skeleton (D:7)
  3 orc wizards
  A gnoll shaman (D:4)
  4 orc priests
  A hound (D:4)
  An iguana (D:6)
  Natasha (D:2)
  3 worker ants
  17 gnolls
  8 adders
  An adder skeleton (D:4)
  3 dart slugs
  5 leopard geckos
  18 orcs
  5 bats
  A giant cockroach (D:3)
  6 goblins
  3 hobgoblins
  8 jackals
  A quokka (D:3)
  A ball python skeleton (D:5)
  5 frilled lizards
  6 kobolds
  5 rats
131 creatures vanquished.

Notes
Turn   | Place    | Note
-------+----------+-------------------------------------------
     0 | D:1      | Dfrag the Naga Fire Elementalist began the quest for the
                  | Orb.
     0 | D:1      | Reached XP level 1. HP: 15/15 MP: 3/3
    51 | D:1      | Reached XP level 2. HP: 10/22 MP: 0/5
   562 | D:1      | Reached XP level 3. HP: 28/28 MP: 3/6
   771 | D:2      | Noticed Natasha
   773 | D:2      | Killed Natasha
   990 | D:2      | Reached XP level 4. HP: 36/36 MP: 4/8
  1171 | D:2      | Learned a level 3 spell: Conjure Flame
  1176 | D:2      | Learned a level 4 spell: Sticky Flame
  1464 | D:3      | Reached XP level 5. HP: 38/42 MP: 4/9
  2094 | D:3      | Reached XP level 6. HP: 46/49 MP: 8/11
  2663 | D:4      | Found an opulent altar of Gozag.
  2674 | D:4      | Reached skill level 5 in Fire Magic
  2674 | D:4      | Reached XP level 7. HP: 55/55 MP: 5/13
  3410 | D:5      | Entered Level 5 of the Dungeon
  3571 | D:5      | Found Feimp's Gadget Emporium.
  3604 | D:5      | Reached skill level 5 in Conjurations
  3612 | D:5      | Found Plog's General Store.
  3631 | D:5      | Reached XP level 8. HP: 54/62 MP: 3/15
  3663 | D:5      | Bought a scroll of identify for 26 gold pieces
  3663 | D:5      | Bought a scroll of identify for 26 gold pieces
  3676 | D:5      | Found Morucoe's Weapon Shop.
  3719 | D:5      | Found Tenyc's Jewellery Shoppe.
  3793 | D:5      | Found Mituontu's Antique Armour Emporium.
  3851 | D:5      | Reached skill level 5 in Spellcasting
  4188 | D:6      | Learned a level 5 spell: Fireball
  4191 | D:6      | Learned a level 2 spell: Blink
  4305 | D:6      | HP: 1/62 [bullfrog zombie (3)]
  4342 | D:6      | HP: 2/62 [adder (5)]
  4734 | D:6      | Reached XP level 9. HP: 68/68 MP: 9/18
  4910 | D:6      | Found a staircase to the Ecumenical Temple.
  4957 | Temple   | Entered the Ecumenical Temple
  5172 | D:6      | Found an ornate altar of the Wu Jian Council.
  5512 | D:6      | Got a polished dire flail
  5513 | D:6      | Identified the +8 dire flail of the Dragonfly {holy, rPois
                  | MR+} (You found it on level 6 of the Dungeon)
  5684 | D:7      | Found a radiant altar of Vehumet.
  5684 | D:7      | Found a shimmering altar of Xom.
  5685 | D:7      | Found a glowing golden altar of the Shining One.
  5771 | D:7      | Became a worshipper of Vehumet
  5901 | D:7      | Found Meocoar's Gadget Shop.
  5903 | D:7      | Found a sparkling altar of Nemelex Xobeh.
  5983 | D:7      | HP: 1/68 [bullfrog (5)]
  5987 | D:7      | Slain by a killer bee

Vault maps used:
D:1:      co_arrival_two_rings
D:2:      uniq_natasha
D:4:      nicolae_gozag_seed_capital
D:5:      serial_shops, shop, shop, shop_statue, shop, shop, first_ration
D:6:      old_standard_altar, temple_hall, serial_bayou, serial_bayou_pond_e,
          serial_bayou_lagoon_a, serial_bayou_pond_a, serial_bayou_pond_d,
          chequers_serial_rivers_small_3, kennysheep_decorative_pillar,
          st_stairs_13, minmay_misc_feat_cross, chequers_serial_rivers_room_b,
          minmay_ruffians
D:7:      nemelex_xobeh_ov_fountains_minmay, gammafunk_temple_overflow_claw,
          serial_shops, shop, serial_curves, eino_curves_03, eino_curves_01,
          hangedman_decor_peaks_small, uniq_joseph
Temple:   compressed_dpeg_triangle_lava_temple

Skill      XL: |  1  2  3  4  5  6  7  8  9 |
---------------+----------------------------+-----
Conjurations   | 2 3 4 5 6 7 |  7.4
Spellcasting   | 3 4 6 |  6.9
Fire Magic     | 4 5 7 |  7.9
Dodging        | |  1.5
Stealth        | |  3.0

Action                   |  1- 3 |  4- 6 |  7- 9 || total
-------------------------+-------+-------+-------++-------
Melee: Unarmed           |     1 |       |       ||     1
       Dagger            |     4 |     6 |    33 ||    43
       Dire flail        |       |       |    11 ||    11
 Cast: Flame Tongue      |    31 |    84 |    94 ||   209
       Conjure Flame     |       |     3 |     2 ||     5
       Sticky Flame      |       |       |    16 ||    16
       Fireball          |       |       |     2 ||     2
 Abil: Spit Poison       |     6 |    28 |    22 ||    56
Evoke: Wand              |       |       |     2 ||     2
  Use: Scroll            |       |     5 |     3 ||     8
       Potion            |       |       |     5 ||     5
  Eat: Chunk             |       |     7 |    10 ||    17
       Ration            |       |       |     1 ||     1
Armor: Robe              |     5 |     7 |    43 ||    55
Dodge: Dodged            |     9 |    17 |    39 ||    65

Table legend:
 A = Non-vault XP
 B = Vault XP
 C = Vault XP percentage of total XP
 D = Non-vault monster count
 E = Vault monster count
 F = Vault count percentage of total count
                 A         B        C        D         E       F
            +---------+---------+-------+---------+---------+-------
      Total |    2435 |    1231 |  33.6 |     123 |       8 |   6.1
            +---------+---------+-------+---------+---------+-------
        D:1 |      37 |       0 |   0.0 |      19 |       0 |   0.0
        D:2 |      24 |      35 |  59.3 |       8 |       1 |  11.1
        D:3 |     339 |       0 |   0.0 |      40 |       0 |   0.0
        D:4 |     383 |       0 |   0.0 |      16 |       0 |   0.0
        D:5 |     739 |       0 |   0.0 |      16 |       0 |   0.0
        D:6 |     189 |    1196 |  86.4 |       7 |       7 |  50.0
        D:7 |     724 |       0 |   0.0 |      17 |       0 |   0.0
            +---------+---------+-------+---------+---------+-------
